[Event "ICC tourney 2412 (45 10)"]
[Site "Internet Chess Club"]
[Date "2021.02.27"]
[Round "2"]
[White "WANG, MAXWELL GEORG:MaxWang"]
[Black "LIU, JASON:jason54312"]
[Result "0-1"]
[ICCResult "White resigns"]
[WhiteElo "1778"]
[BlackElo "1528"]
[Opening "Giuoco Piano"]
[ECO "C54"]
[NIC "IG.02"]
[Time "13:31:59"]
[PlyCount "146"]
[TimeControl "2700+10"]

1. e4 e5 2. Nf3 Nc6 3. Bc4 Bc5 4. c3 Nf6 5. d3 d6 6. Bg5 Be6 7. Bb3 O-O 8.
O-O h6 9. Bh4 Re8 10. Nbd2 Qe7 11. Re1 Bb6 12. Nc4 Bg4 13. h3 Bh5 14. Ncd2
Rad8 15. Nf1 Na5 16. Ba4 Nc6 17. Ne3 Bxe3 18. Rxe3 Qe6 19. Bb3 Qe7 20. Qe1
Bxf3 21. Rxf3 g5 22. Bg3 d5 23. exd5 Nxd5 24. Rd1 Nf4 25. Qe4 Kg7 26. Re3
Qd7 27. Ba4 f5 28. Qc4 Qe6 29. Qxe6 Rxe6 30. Bxf4 gxf4 31. Ree1 Kf6 32. d4
exd4 33. Rxe6+ Kxe6 34. Bxc6 bxc6 35. cxd4 Kd5 36. Kf1 Re8 37. Rc1 Rb8 38.
b3 Rb5 39. Ke2 h5 40. Rc4 Rb8 41. Kf3 Re8 42. Rc5+ Kxd4 43. Rxc6 Re7 44.
Rc2 Rg7 45. Rc4+ Ke5 46. Rxf4 c5 47. Rc4 Kd5 48. g3 Re7 49. Rc2 Re4 50.
Rd2+ Kc6 51. Re2 Rd4 52. Rc2 Kd5 53. Ke3 Re4+ 54. Kd3 Rd4+ 55. Kc3 Re4 56.
Rd2+ Kc6 57. a3 f4 58. Rd3 fxg3 59. fxg3 a5 60. Rf3 a4 61. bxa4 Rxa4 62.
Kb3 Re4 63. Rc3 Kb5 64. Rf3 Rd4 65. Rc3 Re4 66. Rf3 Rd4 67. Re3 Ka5 68. Re5
Rd3+ 69. Kc4 Rxg3 70. Rxc5+ Kb6 71. Rxh5 Rxa3 72. Kd5 Ra5+ 73. Ke4 Rxh5 {
White resigns } 0-1

[Event "ICC tourney 2412 (45 10)"]
[Site "Internet Chess Club"]
[Date "2021.02.27"]
[Round "2"]
[White "YU, AVERY:Averyyu321"]
[Black "ASCHERMAN, JEREMY:JeremyICC"]
[Result "1/2-1/2"]
[ICCResult "Game drawn by the 50 move rule"]
[WhiteElo "1780"]
[BlackElo "1676"]
[Opening "Pirc: classical (two knights) system"]
[ECO "B08"]
[NIC "PU.10"]
[Time "13:31:50"]
[PlyCount "214"]
[TimeControl "2700+10"]

1. e4 d6 2. d4 Nf6 3. Nc3 g6 4. Nf3 Bg7 5. Be3 O-O 6. Be2 c6 7. O-O b5 8.
a3 Nbd7 9. h3 Re8 10. Qd2 e5 11. dxe5 Nxe5 12. Nxe5 Rxe5 13. f3 d5 14. exd5
Nxd5 15. Bd4 Nxc3 16. Qxc3 Rxe2 17. Bxg7 Qd2 18. Qxd2 Rxd2 19. Bf6 Rxc2 20.
Rad1 Be6 21. Rfe1 h6 22. Rd6 g5 23. Red1 Bd5 24. Rd7 Re8 25. Re7 Rxe7 26.
Bxe7 Rxb2 27. Bc5 a5 28. Re1 b4 29. axb4 axb4 30. Bd4 Rc2 31. g4 Be6 32.
Ra1 Ra2 33. Rb1 b3 34. Be5 Re2 35. Bd4 Rd2 36. Be5 c5 37. Ra1 Ra2 38. Rd1
Ra8 39. Kf2 c4 40. Ke3 Rc8 41. Rc1 Rd8 42. Bd4 Kh7 43. Ra1 Kg6 44. Rd1 h5
45. Rc1 hxg4 46. fxg4 Ra8 47. Rf1 Rc8 48. Rc1 Ra8 49. Rf1 Ra2 50. Rf2 Rxf2
51. Kxf2 f5 52. gxf5+ Bxf5 53. Kg3 Kh5 54. Bf6 g4 55. hxg4+ Bxg4 56. Kf4
Bd1 57. Ke4 Kg6 58. Bc3 Kf7 59. Kf5 Ke7 60. Ke5 Be2 61. Bb2 Bf1 62. Bc3 Kf7
63. Kf5 Bd3+ 64. Kg5 Ke6 65. Kf4 Kd5 66. Ke3 Kc5 67. Kd2 Kb5 68. Kc1 Bh7
69. Kb2 Bg6 70. Bd4 Ka4 71. Bc3 Bf5 72. Bd2 Kb5 73. Bc3 Kc5 74. Kc1 Bh7 75.
Kd2 Kd5 76. Ke3 Kc5 77. Kd2 Kb5 78. Kc1 Ka4 79. Kb2 Bf5 80. Bd2 Bd3 81. Bc3
Bc2 82. Bd2 Kb5 83. Kc3 Kc5 84. Bc1 Kd5 85. Bb2 Bd3 86. Kd2 Ke4 87. Bc3 Bf1
88. Bb2 Bh3 89. Bc3 Be6 90. Bb2 Kd5 91. Bc3 Kc5 92. Kc1 Kb5 93. Bd2 Ka4 94.
Kb2 Kb5 95. Kc1 Kc5 96. Bc3 Kd5 97. Kd2 Ke4 98. Bb2 Bf7 99. Bc3 Kf3 100.
Bb2 Kf4 101. Bc3 Ke4 102. Bb2 Kd5 103. Bc3 Kc5 104. Kc1 Bg6 105. Kd2 Bh7
106. Kc1 Kb5 107. Kb2 Ka4 { Game drawn by the 50 move rule } 1/2-1/2

[Event "ICC tourney 2412 (45 10)"]
[Site "Internet Chess Club"]
[Date "2021.02.27"]
[Round "3"]
[White "PRIYADARSHI, VED:ved2006"]
[Black "BOGIN, THEODORE:tbogin1"]
[Result "1-0"]
[ICCResult "Black resigns"]
[WhiteElo "1695"]
[BlackElo "1813"]
[Opening "King's Indian: London system"]
[ECO "A48"]
[NIC "QP.03"]
[Time "16:02:11"]
[PlyCount "104"]
[TimeControl "2700+10"]

1. d4 Nf6 2. Nf3 g6 3. Bf4 Bg7 4. e3 O-O 5. h3 Nd5 6. Bh2 f5 7. c4 Nf6 8.
Nc3 Nh5 9. Nd5 d6 10. Be2 e6 11. Nf4 Nxf4 12. Bxf4 Nc6 13. O-O h6 14. Rb1
g5 15. Bh2 Kh8 16. d5 Ne5 17. Nxe5 dxe5 18. b3 f4 19. Bf3 exd5 20. Qxd5
Qxd5 21. cxd5 Bf5 22. e4 Bd7 23. Rfc1 c6 24. Bg4 Bxg4 25. hxg4 cxd5 26.
exd5 e4 27. Rc7 Rfd8 28. Rd1 b5 29. Re7 Re8 30. d6 Rxe7 31. dxe7 Bf6 32.
Rd7 Re8 33. Rxa7 Rxe7 34. Rxe7 Bxe7 35. Kf1 Kg7 36. Ke2 Kf6 37. Bg1 Ke5 38.
Kd2 Kd5 39. Kc3 Kc6 40. Kd4 b4 41. Kxe4 Kc5 42. f3+ Kb5 43. Bd4 Bf8 44. Kf5
Kc6 45. Ke6 Kb5 46. Kd5 Be7 47. Bg7 Bd8 48. Bxh6 Kb6 49. Bf8 Kb5 50. a3
bxa3 51. Bxa3 Bf6 52. Bc5 Bc3 { Black resigns } 1-0

[Event "ICC tourney 2412 (45 10)"]
[Site "Internet Chess Club"]
[Date "2021.02.27"]
[Round "3"]
[White "YADAV, ARJUN:arjunchesszero"]
[Black "GARG, ADVIK:aachess4321"]
[Result "0-1"]
[ICCResult "White resigns"]
[WhiteElo "1197"]
[BlackElo "1289"]
[Opening "Sicilian: Alapin's variation (2.c3)"]
[ECO "B22"]
[NIC "SI.46"]
[Time "16:02:31"]
[PlyCount "86"]
[TimeControl "2700+10"]

1. e4 c5 2. c3 d6 3. d4 Nf6 4. dxc5 dxc5 5. Qxd8+ Kxd8 6. Bd3 e5 7. Nf3 Bd6
8. Bg5 Ke7 9. Na3 Be6 10. O-O-O h6 11. Bxf6+ gxf6 12. Nb5 Rd8 13. Nd2 a6
14. Nxd6 Rxd6 15. Nb3 c4 16. Bxc4 Bxc4 17. Na5 Bb5 18. Rxd6 Kxd6 19. Nxb7+
Kc7 20. Nc5 Nd7 21. Nb3 Nb6 22. Nd2 Rg8 23. g3 Nc4 24. Nf3 Bc6 25. Re1 Rg4
26. b3 Nd6 27. Nd2 h5 28. f3 Rg8 29. a3 a5 30. b4 axb4 31. axb4 Bb5 32. Kc2
Ra8 33. Kb3 Ba4+ 34. Kb2 Bb5 35. c4 Bd7 36. b5 Kb6 37. Nb3 Nxc4+ 38. Kc3
Rc8 39. Kb4 Bxb5 40. f4 exf4 41. gxf4 Nb2 42. Re3 Rc4+ 43. Ka3 Nd1 { White
resigns } 0-1

[Event "ICC tourney 2412 (45 10)"]
[Site "Internet Chess Club"]
[Date "2021.02.27"]
[Round "3"]
[White "MARTINEZ, LAWRENCE:apachekid"]
[Black "ASCHERMAN, JEREMY:JeremyICC"]
[Result "1-0"]
[ICCResult "Black resigns"]
[WhiteElo "1816"]
[BlackElo "1676"]
[Opening "Pirc: Byrne variation"]
[ECO "B07"]
[NIC "PU.09"]
[Time "16:03:03"]
[PlyCount "31"]
[TimeControl "2700+10"]

1. d4 Nf6 2. Nc3 g6 3. e4 d6 4. Bg5 Bg7 5. e5 Nfd7 6. f4 O-O 7. Nf3 c5 8.
exd6 cxd4 9. dxe7 Re8 10. Qe2 Qa5 11. Qb5 Qb6 12. Qxb6 Nxb6 13. Ne4 h6 14.
Nd6 hxg5 15. Nxe8 Nc6 16. Nf6+ { Black resigns } 1-0

[Event "ICC tourney 2412 (45 10)"]
[Site "Internet Chess Club"]
[Date "2021.02.27"]
[Round "3"]
[White "BOYINEPALLY, KIRAN:BoyinK-99"]
[Black "MARTINEZ, ABRAHAM:Pugnacious"]
[Result "0-1"]
[ICCResult "White resigns"]
[WhiteElo "1779"]
[BlackElo "1671"]
[Opening "Giuoco Piano"]
[ECO "C50"]
[NIC "IG.02"]
[Time "16:02:21"]
[PlyCount "84"]
[TimeControl "2700+10"]

1. e4 e5 2. Nf3 Nc6 3. Bc4 Bc5 4. O-O Nf6 5. a3 d6 6. h3 h6 7. Nc3 g5 8.
Nd5 g4 9. hxg4 Bxg4 10. d3 Nd4 11. c3 Bxf3 12. gxf3 Rg8+ 13. Kh2 Nxd5 14.
Kh3 Nf4+ 15. Bxf4 exf4 16. Rg1 Qd7+ 17. Kh2 Rxg1 18. Kxg1 Ne6 19. Qb3 O-O-O
20. d4 Bb6 21. a4 Bxd4 22. Bxe6 Bxf2+ 23. Kxf2 fxe6 24. Rh1 d5 25. exd5
exd5 26. Rxh6 Qe7 27. Qc2 Qe3+ 28. Kg2 b6 29. Rg6 Kb7 30. Qf2 Qd3 31. Rg4
Re8 32. Kh3 Re2 33. Qd4 Qxf3+ 34. Kh4 Qf2+ 35. Qxf2 Rxf2 36. b4 Rf3 37. Kg5
Rxc3 38. Rxf4 Rc4 39. b5 Rxf4 40. Kxf4 c5 41. bxc6+ Kxc6 42. Ke5 Kc5 {
White resigns } 0-1

[Event "ICC tourney 2412 (45 10)"]
[Site "Internet Chess Club"]
[Date "2021.02.27"]
[Round "3"]
[White "MARTINEZ, ENOCH:TheChessShark"]
[Black "MATHIYAZHAGAN, ASHRITH:Kinawa"]
[Result "1-0"]
[ICCResult "Black checkmated"]
[WhiteElo "1809"]
[BlackElo "1589"]
[Opening "French: Albin-Alekhine-Châtard attack, Maróczy variation"]
[ECO "C13"]
[NIC "FR.06"]
[Time "16:02:17"]
[PlyCount "43"]
[TimeControl "2700+10"]

1. d4 Nf6 2. Nc3 e6 3. e4 d5 4. Bg5 Be7 5. e5 Nfd7 6. h4 a6 7. Qg4 Bxg5 8.
hxg5 c5 9. Nf3 cxd4 10. Qxd4 Nc6 11. Qf4 g6 12. O-O-O b6 13. Bd3 Bb7 14.
Nxd5 Ne7 15. Nf6+ Kf8 16. Nxd7+ Qxd7 17. Qf6 Kg8 18. Bxg6 Qe8 19. Bxh7+
Rxh7 20. Rxh7 Kxh7 21. Rh1+ Kg8 22. Rh8# { Black checkmated } 1-0

[Event "ICC tourney 2412 (45 10)"]
[Site "Internet Chess Club"]
[Date "2021.02.27"]
[Round "3"]
[White "ZHANG, SUNNY:AboardBuffalo"]
[Black "JAYAGANESH, PRANAV ESWAR:happyscientist"]
[Result "1-0"]
[ICCResult "Black resigns"]
[WhiteElo "1656"]
[BlackElo "1811"]
[Opening "Ruy Lopez: 5.O-O"]
[ECO "C78"]
[NIC "RL.12"]
[Time "16:02:12"]
[PlyCount "61"]
[TimeControl "2700+10"]

1. e4 e5 2. Nf3 Nc6 3. Bb5 a6 4. Ba4 Nf6 5. O-O b5 6. Bb3 Bc5 7. c3 d6 8.
d4 Bb6 9. Re1 O-O 10. Bg5 h6 11. Bh4 Bg4 12. d5 Na5 13. Bc2 Nb7 14. h3 Bh5
15. Nbd2 Nc5 16. b4 Ncd7 17. c4 bxc4 18. Nxc4 Bd4 19. Rb1 Rb8 20. g4 Bg6
21. Nxd4 exd4 22. Qxd4 Re8 23. Na5 Ne5 24. Kg2 c5 25. dxc6 Qc7 26. Bxf6
gxf6 27. Ba4 Rb6 28. Rbc1 Reb8 29. a3 d5 30. exd5 Nd3 31. d6 { Black
resigns } 1-0

[Event "ICC tourney 2412 (45 10)"]
[Site "Internet Chess Club"]
[Date "2021.02.27"]
[Round "3"]
[White "MAZUMDAR, SHAURYA:raremystery"]
[Black "Clifford, James:JacJac06"]
[Result "1-0"]
[ICCResult "Black resigns"]
[WhiteElo "1654"]
[BlackElo "1709"]
[Opening "Petrov's defense"]
[ECO "C42"]
[NIC "RG.03"]
[Time "16:02:20"]
[PlyCount "49"]
[TimeControl "2700+10"]

1. e4 e5 2. Nf3 Nf6 3. Nxe5 Qe7 4. Nf3 Nxe4 5. Be2 Qd8 6. O-O Bc5 7. d4 Bb6
8. Bd3 d5 9. Re1 f5 10. a4 a5 11. c4 c6 12. Bg5 Qc7 13. Nc3 O-O 14. cxd5
Nxc3 15. bxc3 cxd5 16. Qb3 Kh8 17. Qxd5 Qxc3 18. Ne5 Qc7 19. Nf7+ Kg8 20.
Re7 Qxe7 21. Bxe7 Rxf7 22. Bc4 Be6 23. Qxe6 Nc6 24. Qxf7+ Kh8 25. Bf8 {
Black resigns } 1-0

[Event "ICC tourney 2412 (45 10)"]
[Site "Internet Chess Club"]
[Date "2021.02.27"]
[Round "3"]
[White "RODENSTEIN, ALAN:arconsul2"]
[Black "VATS, ATIKSH:avats"]
[Result "1-0"]
[ICCResult "Black resigns"]
[WhiteElo "1726"]
[BlackElo "1577"]
[Opening "Queen's pawn: London system"]
[ECO "A45"]
[NIC "QP.07"]
[Time "16:02:28"]
[PlyCount "71"]
[TimeControl "2700+10"]

1. d4 Nf6 2. Bf4 d5 3. e3 Bf5 4. Nd2 e6 5. c3 c6 6. Qb3 Qb6 7. Ngf3 Nbd7 8.
Be2 Be7 9. O-O O-O 10. c4 Qxb3 11. Nxb3 Rfd8 12. c5 Nf8 13. Na5 Ng6 14. Bg3
Nh5 15. b4 Nxg3 16. hxg3 Rd7 17. Rfd1 Bd8 18. Nb3 Bc2 19. Rd2 Bxb3 20. axb3
Bc7 21. Rda2 a6 22. b5 cxb5 23. Bxb5 Rdd8 24. Bd3 Ne7 25. b4 Nc6 26. Ra4 e5
27. b5 Nxd4 28. exd4 e4 29. Bf1 exf3 30. gxf3 b6 31. Rxa6 Rxa6 32. Rxa6 Rb8
33. c6 Kf8 34. Ra7 Bd6 35. Bh3 Ke8 36. c7 { Black resigns } 1-0

[Event "ICC tourney 2412 (45 10)"]
[Site "Internet Chess Club"]
[Date "2021.02.27"]
[Round "3"]
[White "LIU, JASON:jason54312"]
[Black "OPASKA, MICHAEL:mopaska1106"]
[Result "1-0"]
[ICCResult "Black resigns"]
[WhiteElo "1528"]
[BlackElo "1956"]
[Opening "Sicilian: Labourdonnais-Löwenthal variation"]
[ECO "B32"]
[NIC "SI.32"]
[Time "16:02:29"]
[PlyCount "79"]
[TimeControl "2700+10"]

1. e4 c5 2. Nf3 Nc6 3. d4 cxd4 4. Nxd4 e5 5. Nf3 Nf6 6. Nc3 Bb4 7. Bd3 O-O
8. Bd2 Bxc3 9. Bxc3 d5 10. exd5 Qxd5 11. Be2 Qc5 12. O-O Rd8 13. Qe1 Bf5
14. Bd3 e4 15. Bxf6 gxf6 16. Bxe4 Re8 17. Nd2 Bxe4 18. Nxe4 Qd4 19. Nxf6+
Qxf6 20. Qc1 Re2 21. c3 Rae8 22. f3 Ne5 23. Qd1 Ng6 24. Rf2 Qb6 25. Qd4
Qxb2 26. Raf1 Qxa2 27. Rxe2 Rxe2 28. Qd8+ Kg7 29. Qd4+ Kh6 30. Qg4 Qd2 31.
h4 Qe3+ 32. Kh1 Ne5 33. Qg3 Nd3 34. Qd6+ Kg7 35. Qg3+ Kf8 36. Qd6+ Kg7 37.
Qg3+ Kh6 38. Qd6+ Kh5 39. Qf6 Qf4 40. g4+ { Black resigns } 1-0

[Event "ICC tourney 2412 (45 10)"]
[Site "Internet Chess Club"]
[Date "2021.02.27"]
[Round "3"]
[White "CHEN, JOCELYN:WCCJCS"]
[Black "POMPE, NIKO:kralj8"]
[Result "0-1"]
[ICCResult "White checkmated"]
[WhiteElo "1803"]
[BlackElo "1917"]
[Opening "Ruy Lopez: fianchetto (Smyslov/Barnes) defense"]
[ECO "C60"]
[NIC "RL.03"]
[Time "16:02:34"]
[PlyCount "104"]
[TimeControl "2700+10"]

1. e4 e5 2. Nf3 Nc6 3. Bb5 g6 4. Bxc6 dxc6 5. Nc3 Bg7 6. d3 Ne7 7. O-O O-O
8. Be3 h6 9. d4 exd4 10. Bxd4 Bg4 11. Bxg7 Qxd1 12. Raxd1 Kxg7 13. Rd3 Bxf3
14. Rxf3 Rad8 15. Rd1 Rxd1+ 16. Nxd1 Rd8 17. Rd3 Rxd3 18. cxd3 f5 19. Nc3
Kf6 20. f3 Ke5 21. Kf2 f4 22. g3 g5 23. gxf4+ gxf4 24. Ne2 c5 25. b3 Nc6
26. Ke1 Nb4 27. Nc1 Nc2+ 28. Kd2 Nd4 29. Ne2 Nxf3+ 30. Kd1 Nxh2 31. Ke1
Nf3+ 32. Kf2 Ng5 33. Ng1 b5 34. Ke2 h5 35. Kf2 h4 36. Kg2 c4 37. bxc4 bxc4
38. dxc4 Kxe4 39. a4 c5 40. a5 a6 41. Kf2 h3 42. Nxh3 Nxh3+ 43. Kg2 f3+ 44.
Kxh3 Ke3 45. Kg3 f2 46. Kg2 Ke2 47. Kg3 f1=Q 48. Kg4 Qf6 49. Kh5 Qg7 50.
Kh4 Qg6 51. Kh3 Kf3 52. Kh2 Qg2# { White checkmated } 0-1

[Event "ICC tourney 2412 (45 10)"]
[Site "Internet Chess Club"]
[Date "2021.02.27"]
[Round "3"]
[White "ZHENG, CARISSA ANGELA:bg26723"]
[Black "CHENG, CLAIRE:Clairehouses"]
[Result "0-1"]
[ICCResult "White resigns"]
[WhiteElo "1880"]
[BlackElo "1697"]
[Opening "Sicilian"]
[ECO "B50"]
[NIC "SI.01"]
[Time "16:02:12"]
[PlyCount "64"]
[TimeControl "2700+10"]

1. e4 c5 2. Nf3 d6 3. c3 Nf6 4. Be2 e6 5. O-O Be7 6. Qc2 Qc7 7. d3 O-O 8.
Bf4 a6 9. e5 Nd5 10. exd6 Bxd6 11. Bxd6 Qxd6 12. Nbd2 b5 13. Ne4 Qc7 14. a4
Bb7 15. d4 cxd4 16. Nxd4 b4 17. Ng5 Nf6 18. cxb4 Qf4 19. Ndxe6 fxe6 20.
Nxe6 Qxb4 21. Nxf8 Kxf8 22. Rad1 Nbd7 23. Bd3 Rc8 24. Qb1 Qxa4 25. Bxh7 Rc5
26. Bf5 Qf4 27. Bxd7 Bxg2 28. f3 Rg5 29. Bg4 Bxf3 30. Rxf3 Qxf3 31. Rd8+
Ke7 32. Qe1+ Kxd8 { White resigns } 0-1

[Event "ICC tourney 2412 (45 10)"]
[Site "Internet Chess Club"]
[Date "2021.02.27"]
[Round "3"]
[White "PU, LANDON:landonp"]
[Black "THATIPARTHI, VINEETHREDDY:Vinny773175"]
[Result "0-1"]
[ICCResult "White checkmated"]
[WhiteElo "1524"]
[BlackElo "1763"]
[Opening "Sicilian defense"]
[ECO "B33"]
[NIC "SI.34"]
[Time "16:02:16"]
[PlyCount "72"]
[TimeControl "2700+10"]

1. e4 c5 2. Nf3 Nc6 3. d4 cxd4 4. Nxd4 Nf6 5. Nc3 e6 6. f3 Bb4 7. Be3 d5 8.
e5 Nxe5 9. Qd2 Bd7 10. Be2 O-O 11. g4 Rc8 12. Nb3 Nc4 13. Bxc4 dxc4 14. Nd4
Nd5 15. Nde2 Nxe3 16. Qxe3 Bc5 17. Qd2 Qh4+ 18. Ng3 Bc6 19. Qe2 b5 20.
O-O-O b4 21. Nce4 c3 22. bxc3 bxc3 23. Nxc3 Qg5+ 24. Kb1 Rb8+ 25. Ka1 Ba3
26. Rb1 Qf6 27. Qe3 Qxf3 28. Rhe1 Rxb1+ 29. Kxb1 Rb8+ 30. Ka1 Bb2+ 31. Kb1
Bxc3+ 32. Kc1 Bb2+ 33. Kd2 Rd8+ 34. Qd3 Rxd3+ 35. cxd3 Qf2+ 36. Kd1 Ba4# {
White checkmated } 0-1

[Event "ICC tourney 2412 (45 10)"]
[Site "Internet Chess Club"]
[Date "2021.02.27"]
[Round "3"]
[White "RAMASWAMY, PUDUR:clair"]
[Black "KHAN, SAMI SHARAF:sami786"]
[Result "1-0"]
[ICCResult "Black checkmated"]
[WhiteElo "1723"]
[BlackElo "1014"]
[Opening "Queen's pawn: London system"]
[ECO "A45"]
[NIC "QP.07"]
[Time "16:02:17"]
[PlyCount "97"]
[TimeControl "2700+10"]

1. d4 Nf6 2. Bf4 g6 3. Nc3 d5 4. e3 Bg7 5. Be2 O-O 6. Nf3 Nbd7 7. Nb5 c6 8.
Bc7 Qe8 9. Nc3 a6 10. h3 b5 11. O-O Ra7 12. Bh2 Qd8 13. a4 b4 14. Na2 a5
15. c3 Qb6 16. cxb4 axb4 17. b3 Ne4 18. Rc1 Ba6 19. Bxa6 Rxa6 20. Nd2 c5
21. Nxe4 dxe4 22. dxc5 Nxc5 23. Rc4 Bc3 24. Qc2 Rd8 25. Nxc3 bxc3 26. Rxc3
Nd3 27. Bc7 Qf6 28. Bxd8 Ra8 29. Rc8 Rxc8 30. Qxc8 Kg7 31. Qc7 Qe6 32. Qc4
Qd7 33. Qd4+ Qxd4 34. exd4 e6 35. a5 Nb4 36. Ra1 Kf8 37. a6 Nc6 38. Bb6 Ke7
39. a7 Nxa7 40. Rxa7+ Kf6 41. Bc7 Ke7 42. Be5+ Ke8 43. b4 e3 44. fxe3 g5
45. b5 g4 46. b6 gxh3 47. gxh3 f6 48. b7 fxe5 49. b8=Q# { Black checkmated
} 1-0

[Event "ICC tourney 2412 (45 10)"]
[Site "Internet Chess Club"]
[Date "2021.02.27"]
[Round "3"]
[White "BHEEMAIAH, AYUSH:Ayushb"]
[Black "GANBAATAR, AMARJARGAL:AmyMGL"]
[Result "0-1"]
[ICCResult "White resigns"]
[WhiteElo "1769"]
[BlackElo "1900"]
[Opening "Sicilian: Kan, 5.Nc3"]
[ECO "B43"]
[NIC "SI.41"]
[Time "16:02:15"]
[PlyCount "68"]
[TimeControl "2700+10"]

1. e4 c5 2. Nf3 e6 3. d4 cxd4 4. Nxd4 a6 5. Nc3 Qc7 6. Be2 Nf6 7. O-O Bc5
8. Be3 O-O 9. f4 e5 10. fxe5 Qxe5 11. Qd3 d6 12. Nf5 Nc6 13. a3 Re8 14.
Bxc5 dxc5 15. Qg3 Bxf5 16. Qxe5 Rxe5 17. Rxf5 Rae8 18. Rxe5 Rxe5 19. Bd3 b5
20. b3 Nd4 21. a4 b4 22. Ne2 Nxe2+ 23. Bxe2 a5 24. Bd3 Nxe4 25. Re1 f5 26.
g4 g6 27. gxf5 gxf5 28. Kg2 Kf7 29. Re3 Kf6 30. Kf3 Ng5+ 31. Kf4 Rxe3 32.
Kxe3 Ke5 33. h4 Ne6 34. Bc4 Nd4 { White resigns } 0-1

[Event "ICC tourney 2412 (45 10)"]
[Site "Internet Chess Club"]
[Date "2021.02.27"]
[Round "3"]
[White "STEINER, ADAMSON:poohfur"]
[Black "CHAMPSI, IMRAN:imranchamp"]
[Result "1/2-1/2"]
[ICCResult "Game drawn by mutual agreement"]
[WhiteElo "1706"]
[BlackElo "1852"]
[Opening "Sicilian: Pelikan (Lasker/Sveshnikov) variation"]
[ECO "B33"]
[NIC "SI.35"]
[Time "16:02:15"]
[PlyCount "62"]
[TimeControl "2700+10"]

1. e4 c5 2. Nf3 Nc6 3. d4 cxd4 4. Nxd4 Nf6 5. Nc3 e5 6. Nb3 Bb4 7. Bg5 h6
8. Bxf6 Bxc3+ 9. bxc3 Qxf6 10. c4 O-O 11. c5 Nd4 12. Nxd4 exd4 13. Bc4 Re8
14. Bd5 d3 15. cxd3 Qc3+ 16. Ke2 Qxc5 17. Qb3 Qe7 18. Rhc1 d6 19. Rc3 Rb8
20. Rac1 Be6 21. Rc7 Qg5 22. Bxe6 fxe6 23. Qa3 Qxg2 24. Qxd6 Qg4+ 25. f3
Qg2+ 26. Ke3 e5 27. h4 Rf8 28. Qe6+ Kh8 29. Rf7 Rxf7 30. Qxf7 Qb2 31. Rc7
Qb6+ { Game drawn by mutual agreement } 1/2-1/2

[Event "ICC tourney 2412 (45 10)"]
[Site "Internet Chess Club"]
[Date "2021.02.27"]
[Round "3"]
[White "FURMAN, MIKHAIL:mfurm"]
[Black "PUPPALLA, PRANAY:checkmate1823"]
[Result "0-1"]
[ICCResult "White resigns"]
[WhiteElo "1917"]
[BlackElo "1631"]
[Opening "Neo-Grünfeld defense"]
[ECO "D70"]
[NIC "QP.09"]
[Time "16:02:13"]
[PlyCount "62"]
[TimeControl "2700+10"]

1. Nf3 d5 2. d4 Nf6 3. c4 g6 4. cxd5 Qxd5 5. Nc3 Qa5 6. e3 Ne4 7. Qc2 Bf5
8. Bd3 Nxc3 9. bxc3 Bxd3 10. Qxd3 Bg7 11. Bd2 c5 12. Qc4 Nc6 13. Ng5 O-O
14. h4 h6 15. Ne4 cxd4 16. cxd4 Qf5 17. f3 Rfd8 18. Rb1 Rac8 19. Qb3 b6 20.
Ng3 Qd7 21. Bc3 e5 22. dxe5 Nxe5 23. Bd4 Nxf3+ 24. gxf3 Bxd4 25. exd4 Qxd4
26. Ne2 Qd2+ 27. Kf1 Rd3 28. Qb2 Rc2 29. Qe5 Rxf3+ 30. Kg2 Re3 31. Qb8+ Kh7
{ White resigns } 0-1

[Event "ICC tourney 2412 (45 10)"]
[Site "Internet Chess Club"]
[Date "2021.02.27"]
[Round "3"]
[White "CHERUKURI, NITESH:Niteshc"]
[Black "SURESH, AKSHAT:AkshatSuresh"]
[Result "1-0"]
[ICCResult "Black checkmated"]
[WhiteElo "1690"]
[BlackElo "1691"]
[Opening "Sicilian: Smith-Morra gambit"]
[ECO "B21"]
[NIC "SI.48"]
[Time "16:02:10"]
[PlyCount "77"]
[TimeControl "2700+10"]

1. e4 c5 2. d4 cxd4 3. c3 dxc3 4. Nxc3 e6 5. Nf3 a6 6. Bc4 Nc6 7. O-O Qc7
8. Qe2 b5 9. Bb3 d6 10. Rd1 Nf6 11. Be3 Bb7 12. Rac1 Rc8 13. Nd5 exd5 14.
exd5 Be7 15. dxc6 Bxc6 16. Nd4 Qd7 17. Nxc6 Rxc6 18. Rxc6 Qxc6 19. Bf4 d5
20. Re1 Qd7 21. Bg5 Kd8 22. Rd1 Re8 23. Qf3 Ne4 24. Rxd5 Nd6 25. Be3 Qc7
26. Qd1 Kd7 27. Rc5 Qa5 28. Bd2 Qb6 29. Be3 Qa5 30. Bxf7 Rf8 31. Bb3 h6 32.
h3 Rf6 33. Qg4+ Kd8 34. Rc6 Qe1+ 35. Kh2 g5 36. Bb6+ Ke8 37. Rc8+ Nxc8 38.
Qxc8+ Bd8 39. Qxd8# { Black checkmated } 1-0

[Event "ICC tourney 2412 (45 10)"]
[Site "Internet Chess Club"]
[Date "2021.02.27"]
[Round "3"]
[White "SESHADRI, SRIDHAR:SridharCCA70"]
[Black "YU, AVERY:Averyyu321"]
[Result "1/2-1/2"]
[ICCResult "Game drawn by mutual agreement"]
[WhiteElo "1567"]
[BlackElo "1780"]
[Opening "QGD: 4.Nf3"]
[ECO "D37"]
[NIC "EO.64"]
[Time "16:03:05"]
[PlyCount "159"]
[TimeControl "2700+10"]

1. c4 e6 2. Nc3 Nf6 3. Nf3 d5 4. d4 Be7 5. cxd5 exd5 6. g3 c6 7. Bg2 O-O 8.
O-O Bf5 9. Re1 Re8 10. Ne5 Nbd7 11. Nd3 Nf8 12. Bg5 Ng6 13. Ne5 Nd7 14.
Bxe7 Qxe7 15. Nxg6 Bxg6 16. e4 dxe4 17. Nxe4 Qb4 18. Nc3 Qxb2 19. Rxe8+
Rxe8 20. Rc1 Qa3 21. d5 cxd5 22. Nxd5 Qxa2 23. Rc8 Rxc8 24. Ne7+ Kf8 25.
Nxc8 Qe6 26. Bxb7 a5 27. Qd4 Bf5 28. Qa1 Bh3 29. Qa3+ Kg8 30. Qxa5 Nf8 31.
Qa1 Qd7 32. Qb1 Qc7 33. Na7 Nd7 34. Nc6 Nc5 35. Ba8 h6 36. Qb8+ Qxb8 37.
Nxb8 f5 38. Bc6 Kf7 39. Nd7 Ne6 40. Ne5+ Kf6 41. f4 g5 42. Nd7+ Ke7 43. Nb6
Kd6 44. Bd7 Nc5 45. Bb5 Ne4 46. Bd3 Nc5 47. Bc2 Ne6 48. Nc4+ Ke7 49. fxg5
hxg5 50. Ne5 Kf6 51. Nd7+ Ke7 52. Ne5 Nd4 53. Bd1 Ke6 54. Nf3 Nxf3+ 55.
Bxf3 Ke5 56. Kf2 Kd4 57. Ke2 Bg4 58. h4 gxh4 59. Bxg4 fxg4 60. gxh4 Ke4 61.
h5 Kf5 62. h6 Kg6 63. h7 Kxh7 64. Ke3 Kh6 65. Kf4 Kh5 66. Kg3 Kg5 67. Kg2
Kf4 68. Kf2 g3+ 69. Kg2 Kg4 70. Kg1 Kh4 71. Kg2 Kg4 72. Kg1 Kf3 73. Kf1 Ke3
74. Kg2 Kf4 75. Kg1 Kf3 76. Kf1 Kf4 77. Kg2 Kg4 78. Kg1 Kh3 79. Kh1 Kh4 80.
Kg2 { Game drawn by mutual agreement } 1/2-1/2

[Event "ICC tourney 2412 (45 10)"]
[Site "Internet Chess Club"]
[Date "2021.02.27"]
[Round "3"]
[White "SANE, ADWAY:adwaysane"]
[Black "CAREY, MICHAEL P:xyzchessdude"]
[Result "0-1"]
[ICCResult "White resigns"]
[WhiteElo "1716"]
[BlackElo "1987"]
[Opening "Queen's pawn: London system"]
[ECO "A45"]
[NIC "QP.07"]
[Time "16:02:10"]
[PlyCount "120"]
[TimeControl "2700+10"]

1. d4 Nf6 2. Bf4 c5 3. e3 Qb6 4. b3 Nd5 5. Bxb8 Rxb8 6. Bc4 Nf6 7. Nf3 d5
8. Bd3 Bg4 9. dxc5 Qxc5 10. O-O e5 11. Be2 Bd6 12. c4 O-O 13. Nbd2 d4 14.
e4 Bxf3 15. Bxf3 Rfd8 16. Be2 a5 17. Bd3 Ra8 18. a3 b6 19. Nf3 Qc7 20. Nh4
g6 21. Nf3 Qe7 22. Qc1 Kg7 23. Qb2 Nd7 24. Ne1 f6 25. Bc2 Nf8 26. g3 Ne6
27. Ng2 Qc7 28. Rfd1 Qe7 29. Rf1 Rab8 30. Ne1 b5 31. Bd3 Nc5 32. cxb5 Nxd3
33. Nxd3 Rxb5 34. a4 Rb7 35. Nc1 Bb4 36. Ne2 Rc7 37. Rac1 Rdc8 38. Rxc7
Rxc7 39. Rc1 Rd7 40. Rd1 Qc5 41. Rd3 Rc7 42. Kg2 Qc6 43. f3 Kf7 44. g4 Qc2
45. Qxc2 Rxc2 46. Kf1 Ke7 47. h4 Rb2 48. f4 Rb1+ 49. Kg2 Re1 50. Kf3 Rh1
51. g5 Rh3+ 52. Ng3 Rxh4 53. gxf6+ Kxf6 54. fxe5+ Kxe5 55. Rd1 Rf4+ 56. Ke2
h5 57. Rf1 Rxf1 58. Kxf1 h4 59. Ne2 Kxe4 60. Kf2 d3 { White resigns } 0-1